 Dungeon Crawl Stone Soup version 0.26.1-11-gd32895ea62 (webtiles) character file.

Game seed: 10932531269163511680

166 vvl the Chopper (level 5, -1/42 HPs)
             Began as a Demonspawn Monk on June 2, 2021.
             Slain by a scorpion (6 damage)
             ... on level 3 of the Dungeon.
             The game lasted 00:07:30 (3421 turns).

vvl the Chopper (Demonspawn Monk)                   Turns: 3421, Time: 00:07:31

Health: -1/42      AC:  7    Str: 12    XL:     5   Next: 22%
Magic:  1/1        EV: 11    Int: 12    God:
Gold:   278        SH:  0    Dex: 15    Spells: 4/4 levels left

rFire    . . .     SeeInvis .   w - +1 hand axe (antimagic)
rCold    . . .     Faith    .   (no shield)
rNeg     . . .     Spirit   .   s - +0 ring mail (curse)
rPois    .         Reflect  .   l - +0 helmet
rElec    .         Harm     .   (no cloak)
rCorr    .         Rampage  .   (no gloves)
Will     .....                  g - +0 pair of boots
Stlth    +.........             (no amulet)
HPRegen  0.14/turn              (no ring)
MPRegen  0.07/turn              (no ring)

@: lethally poisoned (-1 -> -8), flying
A: hooves 1, powered by death 1
a: no special abilities


You were on level 3 of the Dungeon.
You visited 1 branch of the dungeon, and saw 4 of its levels.

You collected 278 gold pieces.

Inventory:

Hand Weapons
 w - a +1 antimagic hand axe (weapon)
Armour
 a - a cursed -2 ring mail
 g - a +0 pair of boots (worn)
 l - a +0 helmet (worn)
 s - a cursed +0 ring mail (worn)
 u - a +0 plate armour
Wands
 t - a wand of digging (5)
Scrolls
 c - 3 scrolls of immolation {unknown}
 d - 5 scrolls of teleportation {unknown}
 e - 3 scrolls of identify {unknown}
 h - a scroll of random uselessness {unknown}
 i - a scroll of enchant weapon {unknown}
 k - 2 scrolls of blinking {unknown}
 m - a scroll of remove curse {unknown}
 n - a scroll of fear {unknown}
 o - a scroll of amnesia {unknown}
Potions
 b - 2 potions of lignification {unknown}
 f - 2 potions of degeneration {unknown}
 j - 3 potions of flight
 p - 2 potions of cancellation {unknown}
 q - a potion of ambrosia {unknown}
 r - a potion of heal wounds {unknown}
 v - a potion of curing {unknown}


   Skills:
 + Level 3.7 Fighting
 * Level 4.0 Axes
 + Level 1.7 Armour
 - Level 2.6 Dodging
 - Level 1.7 Stealth
 + Level 2.1 Necromancy


You had 4 spell levels left.
You didn't know any spells.
Your spell library was empty.

Dungeon Overview and Level Annotations

Branches:
Dungeon (4/15)
 Temple: D:4-7

Altars:
The Shining One


Innate Abilities, Weirdness & Mutations

You have large cloven feet.
You regenerate a little health from kills.


Message History

There is a stone staircase leading up here.
It was a potion of flight.
You feel very buoyant.
You fly up into the air.
The scorpion barely misses you.
A jackal skeleton comes into view.
You feel sick.
You feel sick.
You are no longer poisoned.
There is a stone staircase leading down here.
There is a stone staircase leading up here.
The scorpion stings you.
* * * LOW HITPOINT WARNING * * *
You are lethally poisoned!
The scorpion poisons you!
You fly upwards.
* * * LOW HITPOINT WARNING * * *
You feel sick.
There is a stone staircase leading down here.
The scorpion stings you.
You die...

###### #....#
#....# #####....#
.......))###
.......)...#
########.#.########
................@>#
######.†..#######s#
#.)...######.#
#...#.#...##.#
#...#.....##.#
#...##.[..##.#
#.####....##.# #.#
##...##.# #.#
#..###.###


You could see a scorpion.

Vanquished Creatures
  A centaur skeleton (D:4)
  A worker ant (D:4)
  Robin (D:2)
  An ooze (D:1)
  2 worms (D:2)
  2 leopard geckos
  4 orcs (D:3)
  6 giant cockroaches
  17 goblins
  10 hobgoblins
  4 jackals (D:1)
  2 ball pythons
  8 bats
  5 frilled lizards
  11 kobolds
  6 rats
81 creatures vanquished.

Notes
Turn   | Place    | Note
-------+----------+-------------------------------------------
     0 | D:1      | vvl the Demonspawn Monk began the quest for the Orb.
     0 | D:1      | Reached XP level 1. HP: 18/18 MP: 1/1
   154 | D:1      | Gained mutation: You have large cloven feet. [demonic
                  | ancestry]
   154 | D:1      | Reached XP level 2. HP: 15/24 MP: 2/2
   161 | D:1      | Reached skill level 3 in Axes
   354 | D:1      | Found a glowing golden altar of the Shining One.
   629 | D:1      | Reached skill level 1 in Necromancy
  1051 | D:1      | Gained mutation: You regenerate a little health from kills.
                  | [demonic ancestry]
  1051 | D:1      | Reached XP level 3. HP: 29/29 MP: 3/3
  1203 | D:2      | Reached skill level 1 in Armour
  1215 | D:2      | Noticed Robin
  1473 | D:2      | Killed Robin
  1854 | D:2      | Reached XP level 4. HP: 35/35 MP: 4/4
  3298 | D:4      | Reached XP level 5. HP: 32/42 MP: 1/5
  3381 | D:4      | Reached skill level 4 in Axes
  3421 | D:3      | Slain by a scorpion

Illustrated notes

Levels and vault maps discovered:
D:1:      shiori_arrival_elements, layout_basic, tso_altar
D:2:      layout_basic, minmay_misc_feat_roman, serial_bayou_pond_d, uniq_robin
D:3:      layout_basic
D:4:      layout_rooms

Skill      XL: |  1  2  3  4  5 |
---------------+----------------+-----
Axes           | 3 4 |  4.0
Necromancy     | 1 2 |  2.1
Armour         | 1 |  1.7
Fighting       | |  3.7
Dodging        | |  2.6
Stealth        | |  1.7

Action                   |  1- 3 |  4- 6 || total
-------------------------+-------+-------++-------
Melee: Hand axe          |   136 |   135 ||   271
       Kick              |     8 |       ||     8
  Use: Potion            |       |     1 ||     1
 Stab: Sleeping          |     3 |       ||     3
Armor: Robe              |    16 |       ||    16
       Skin              |     1 |       ||     1
       Ring mail         |    32 |    49 ||    81
Dodge: Dodged            |   103 |    92 ||   195
